 Dungeon Crawl Stone Soup version 0.24-a0-520-g8fd06ad0bc (webtiles) character file.

Game seed: 7368711234090100191

387 Gargoyl the Skirmisher (level 6, -3/52 HPs)
             Began as a Centaur Abyssal Knight on July 25, 2019.
             Was a Priest of Lugonu.
             Slain by a sky beast (6 damage)
             ... on level 6 of the Dungeon.
             The game lasted 00:05:53 (3636 turns).

Gargoyl the Skirmisher (Centaur Abyssal Knight)     Turns: 3636, Time: 00:05:54

Health: -3/52      AC:  9    Str: 15    XL:     6   Next: 49%
Magic:  8/8        EV:  3    Int: 11    God:    Lugonu [***...]
Gold:   265        SH:  0    Dex: 14    Spells: 5/5 levels left

rFire    . . .     SeeInvis +   a - +1 hand axe
rCold    . . .     Gourm    .   (no shield)
rNeg     . . .     Faith    .   f - +0 plate armour
rPois    .         Spirit   .   (no helmet)
rElec    .         Reflect  .   (no cloak)
rCorr    .         Harm     .   (no gloves)
MR       .....                  (no barding)
Stlth    ..........             (no amulet)
HPRegen  0.17/turn              d - +4 ring of dexterity
MPRegen  0.11/turn              i - ring of see invisible

@: flying, very quick
A: large, hooves 3, deformed body, speed 2, tough skin 3
a: Depart the Abyss, Bend Space, Banish, Renounce Religion


You were on level 6 of the Dungeon.
You worshipped Lugonu.
Lugonu was most pleased with you.
You were not hungry.

You visited 1 branch of the dungeon, and saw 5 of its levels.
You visited the Abyss 1 time.
You also visited: Ossuary.

You collected 265 gold pieces.

Inventory:

Hand Weapons
 a - a +1 hand axe (weapon)
Armour
 b - a +0 leather armour
 f - a +0 plate armour (worn)
Jewellery
 d - a +4 ring of dexterity (left hand)
 i - a ring of see invisible (right hand)
 n - an uncursed ring of protection from magic
Wands
 e - a wand of disintegration (11)
Scrolls
 g - 5 scrolls of remove curse
 l - 5 scrolls of identify
 q - a scroll of blinking
 r - 6 scrolls of random uselessness {unknown}
 w - a scroll of noise {unknown}
Potions
 h - a potion of heal wounds {unknown}
 j - a potion of lignification {unknown}
 k - a potion of berserk rage {unknown}
 m - 4 potions of flight
 o - a potion of haste {unknown}
 p - 4 potions of curing {unknown}
 s - a potion of magic {unknown}
 t - a potion of ambrosia {unknown}
 u - 3 potions of degeneration {unknown}
 v - a potion of mutation {unknown}
Comestibles
 c - 4 rations


   Skills:
 + Level 3.9 Fighting
 + Level 3.2 Axes
 * Level 3.2 Armour
 * Level 2.0 Dodging
 * Level 3.1 Invocations
 + Level 0.1 Evocations


You had 5 spell levels left.
You didn't know any spells.
Your spell library was empty.

Dungeon Overview and Level Annotations

Branches:
Dungeon (6/15)
 Temple: D:4-7

Altars:
Ashenzari
Kikubaaqudgha


Innate Abilities, Weirdness & Mutations

You have hooves in place of feet.
Armour fits poorly on your strangely shaped body.
You cover ground very quickly.
You have extremely tough skin. (AC +3)


Message History

The sky beast is severely wounded.
The sky beast hits you but does no damage.
You hit the sky beast but do no damage.
The sky beast is severely wounded.
The sky beast hits you but does no damage.
You closely miss the sky beast.
You kick the sky beast, but do no damage.
The sky beast is severely wounded.
The sky beast hits you.
* * * LOW HITPOINT WARNING * * *
The sky beast shocks you.
* * * LOW HITPOINT WARNING * * *
It was a potion of flight.
You feel very buoyant.
You fly up into the air.
The sky beast flickers out of sight for a moment.
The sky beast hits you.
* * * LOW HITPOINT WARNING * * *
The sky beast shocks you.
You die...

........#...#
###.####..#+##
#.....##.+..#
.......#.####
.......#.# ###
..._.....## #.+
.......#..####.#
.......#.....#Y#
#.....##.....#@#
###.####.....#.#
.............#.#
##?##..#.....#.######
#......+....'........
########....#.#######
#....#.# #....#.#
#....#.#


You could see a sky beast (invisible).

Vanquished Creatures
  A centaur (D:3)
  A centaur zombie (Ossuary)
  A human zombie (Ossuary)
  A worker ant (D:6)
  4 mummies (Ossuary)
  A worker ant zombie (D:6)
  6 adders
  A shadow imp (D:3)
  An ooze (D:2)
  2 worms
  3 dart slugs
  4 orcs (D:3)
  A ball python (D:2)
  A bat zombie (D:3)
  7 giant cockroaches
  6 goblins
  7 hobgoblins
  A jackal (D:6)
  4 quokkas
  8 bats
  5 frilled lizards
  A goblin zombie (Ossuary)
  4 hobgoblin zombies (Ossuary)
  10 kobolds
  An orc zombie (Ossuary)
  9 rats
91 creatures vanquished.

Notes
Turn   | Place    | Note
-------+----------+-------------------------------------------
     0 | Abyss:1  | Gargoyl the Centaur Abyssal Knight began the quest for the
                  | Orb.
     0 | Abyss:1  | Reached XP level 1. HP: 19/19 MP: 2/2
   174 | Abyss:2  | Noticed a small abomination
   179 | D:1      | Escaped the Abyss
   317 | D:1      | Reached XP level 2. HP: 26/26 MP: 3/3
   449 | D:1      | Reached * piety under Lugonu
   724 | D:1      | Reached skill level 1 in Dodging
   846 | D:2      | Reached XP level 3. HP: 25/31 MP: 4/4
  1262 | D:2      | Reached XP level 4. HP: 38/40 MP: 5/5
  1292 | D:2      | Reached ** piety under Lugonu
  1708 | D:3      | Noticed a centaur
  1713 | D:3      | Killed a centaur
  1713 | D:3      | Reached XP level 5. HP: 28/46 MP: 5/7
  2601 | D:3      | Found an ancient bone altar of Kikubaaqudgha.
  2712 | D:3      | You fall into a shaft and drop 3 floors!
  2722 | D:5      | Entered Level 5 of the Dungeon
  2740 | D:6      | Found a sand-covered staircase.
  2755 | Ossuary  | Entered an ossuary
  2854 | Ossuary  | Reached XP level 6. HP: 52/52 MP: 8/8
  3145 | Ossuary  | Reached *** piety under Lugonu
  3591 | D:6      | Found a shattered altar of Ashenzari.
  3606 | D:6      | Noticed a sky beast
  3636 | D:6      | Slain by a sky beast

Levels and vault maps discovered:
D:1:      onia_arrival_pyramid, layout_basic
D:2:      layout_loops_ring
D:3:      layout_basic, lemuel_zombie_altar_kikubaaqudgha, first_ration
D:5:      layout_rooms, gup_sewer_entry_glass
D:6:      minmay_octagon_keep, layout_basic, old_standard_altar,
          nicolae_ossuary_entry_false_entrances, chequers_serial_rivers_micro_e

Skill      XL: |  1  2  3  4  5  6 |
---------------+-------------------+-----
Dodging        | 1 2 |  2.0
Axes           | 2 3 |  3.2
Armour         | 2 3 |  3.2
Invocations    | 3 |  3.1
Fighting       | |  3.9
Evocations     | |  0.1

Action                   |  1- 3 |  4- 6 || total
-------------------------+-------+-------++-------
Melee: Hand axe          |    97 |   178 ||   275
       Kick              |    29 |    50 ||    79
Invok: Depart the Abyss  |     1 |       ||     1
Evoke: Wand              |       |     4 ||     4
  Use: Scroll            |     7 |       ||     7
       Potion            |       |     1 ||     1
  Eat: Chunk             |       |     5 ||     5
       Ration            |       |     1 ||     1
Armor: Plate armour      |    83 |   165 ||   248
Dodge: Dodged            |    12 |    22 ||    34

Table legend:
 A = Non-vault XP
 B = Vault XP
 C = Vault XP percentage of total XP
 D = Non-vault monster count
 E = Vault monster count
 F = Vault count percentage of total count
                 A         B        C        D         E       F
            +---------+---------+-------+---------+---------+-------
      Total |     384 |     169 |  30.6 |      78 |      13 |  14.3
            +---------+---------+-------+---------+---------+-------
        D:1 |      32 |       0 |   0.0 |      19 |       0 |   0.0
        D:2 |     106 |       0 |   0.0 |      30 |       0 |   0.0
        D:3 |     196 |       2 |   1.0 |      26 |       1 |   3.7
        D:6 |      50 |       0 |   0.0 |       3 |       0 |   0.0
    Ossuary |       0 |     167 | 100.0 |       0 |      12 | 100.0
            +---------+---------+-------+---------+---------+-------
